 Dungeon Crawl Stone Soup version 0.31-a0-1405-g2bb1a01664 (webtiles) character file.

Game seed: 14832463402198044761

34234 freelancePsychic the Fighter (level 14, -1/110 HPs)
             Began as a Djinni Shapeshifter on Dec 25, 2023.
             Was an Initiate of Gozag.
             Slain by a death yak (12 damage)
             ... on level 3 of the Lair of Beasts.
             The game lasted 00:36:41 (15786 turns).

freelancePsychic the Fighter (Djinni Shapeshifter) Turns: 15786, Time: 00:36:41

Health: -1/110     AC: 13    Str: 13    XL:     14   Next: 12%
Gold:   2281       EV: 13    Int: 20    God:    Gozag SH:  0 Dex: 12

rFire   + + +        i - +7 quick blade (antimagic)
rCold   x x .        (no shield)
rNeg    . . .        x - +4 ring mail of Soft Rains {Int+2}
rPois   ∞            (helmet currently unavailable)
rElec   .            (cloak currently unavailable)
rCorr   .            (gloves currently unavailable)
SInv    .            (boots unavailable)
Will    +....        H - amulet of regeneration
Stlth   +            o - +4 ring of protection
HPRegen 1.18/turn    B - ring of fire
MPRegen 0.00/turn

%: infuse magic (-2 HP)
@: about to teleport, beast-form, flying
A: beast (slay +4), flying, sickness immunity, fire resistance 2, cold
vulnerability 1, float, innate caster, HP casting, extra vitality 1
a: Begin Untransformation, Renounce Religion, Potion Petition, Call Merchant,
Bribe Branch


You were on level 3 of the Lair of Beasts.
You worshipped Gozag.
Gozag was most pleased with you.
You were a hulking beast.
You visited 4 branches of the dungeon, and saw 18 of its levels.
You also visited: Volcano.

You collected 4429 gold pieces.
You spent 2051 gold pieces at shops.
You paid 97 gold pieces to Gozag.

Inventory:

Hand Weapons
 a - a +1 short sword of draining
 b - a +1 dagger of holy wrath
 i - a +7 antimagic quick blade (weapon)
Missiles
 F - 9 curare-tipped darts
 G - 3 throwing nets
Armour
 g - a +1 cloak
 j - the quicksilver dragon scales of the Nice Slorg {rF+ rC- Will+ Str+3 Int+3 Dex+3}
   (You bought it in a shop on level 2 of the Dungeon)

   Str+3:     It affects your strength (+3).
   Int+3:     It affects your intelligence (+3).
   Dex+3:     It affects your dexterity (+3).
   rF+:       It protects you from fire.
   rC-:       It makes you vulnerable to cold.
   Will+:     It increases your willpower.
 x - the +4 ring mail of Soft Rains (worn) {Int+2}
   (You found it on level 4 of the Dungeon)

   Int+2:     It affects your intelligence (+2).
Jewellery
 o - a +4 ring of protection (left hand)
 B - a ring of fire (right hand)
 H - an amulet of regeneration (around neck)
Talismans
 c - a beast talisman
 d - a flux talisman
Wands
 f - a wand of paralysis (5)
 r - a wand of polymorph (11)
 s - a wand of acid (2)
Scrolls
 k - a scroll of torment
 m - 2 scrolls of enchant armour
 n - 7 scrolls of teleportation {@r4}
 p - 2 scrolls of immolation
 u - a scroll of silence
 y - 2 scrolls of identify {@r1}
 A - a scroll of revelation
 C - a scroll of brand weapon
Potions
 e - 3 potions of berserk rage
 h - a potion of cancellation
 l - a potion of mutation
 q - a potion of curing {@q1}
 t - a potion of brilliance
 v - a potion of resistance
 w - 2 potions of might
 z - 2 potions of haste {unknown}
 D - a potion of enlightenment {unknown}


   Skills:
 + Level 13.2 Fighting
 * Level 10.3 Short Blades
 - Level 7.8 Dodging
 - Level 3.8 Unarmed Combat
 + Level 9.3 Spellcasting
 + Level 9.3 Conjurations
 + Level 9.3 Hexes
   Level 0.0 Charms
 + Level 9.3 Summonings
 + Level 9.3 Necromancy
 + Level 9.3 Translocations
   Level 0.0 Transmutations
 + Level 9.3 Fire Magic
 + Level 9.3 Ice Magic
 + Level 9.3 Air Magic
 + Level 9.3 Earth Magic
 + Level 9.3 Alchemy
 - Level 7.0 Shapeshifting


You knew the following spells:

 Your Spells              Type           Power      Damage    Failure   Level
a - Shock                 Conj/Air       100%       1d9       1%          1
b - Freezing Cloud        Conj/Ice/Air   23%        6-21      10%         5
c - Tukima's Dance        Hex            46%        N/A       1%          3
d - Inner Flame           Hex/Fire       63%        N/A       1%          3
e - Vhi's Electric Charg  Tloc/Air       92%        N/A       3%          4
f - Static Discharge      Conj/Air       92%        3-7/arc   1%          2
Your spell library was empty.

Dungeon Overview and Level Annotations

Branches:
Dungeon (12/15)            Temple (1/1) D:5            Lair (3/5) D:10
  Snake (0/4) Lair:3          Orc (2/2) D:10        Volcano (visited)
  Swamp: Lair:2-3    Shoals: Lair:2-3       Elf: Orc:2

Altars:
Ashenzari
Cheibriados
Dithmenos
Elyvilon
Fedhas
Gozag
Hepliaklqana
Makhleb
Nemelex Xobeh
Okawaru
Qazlal
Ru
Trog
Uskayaw
Wu Jian
Xom
Yredelemnul
Zin
The Shining One
Lugonu

Shops:
D:2 =!*:   D:5 *

Portals:
Trove: D:11 (give 13 potions of heal wounds)


Innate Abilities, Weirdness & Mutations

You are a hulking beast.
Your limbs bulge with bestial killing power. (Slay +4)
You are flying.
You are immune to sickness and miasma.
You are immune to poison.
Your flesh is very heat resistant. (rF++)
You are vulnerable to cold. (rC-)
You float through the air rather than walking.
You learn spells naturally, not from books.
Your magical power is your life essence.
You have superior vitality. (+4 MHP)


Message History

You hit the death yak. x2
The death yak is lightly wounded.
Okay, then.
You hit the death yak. You hit the death yak but do no damage.
The death yak is lightly wounded.
The death yak is engulfed in freezing vapours.
The death yak gores you!
* * * LOW HITPOINT WARNING * * *
You feel better.
The death yak is engulfed in freezing vapours.
The death yak gores you!
* * * LOW HITPOINT WARNING * * *
The death yak is engulfed in freezing vapours.
As you read the scroll of teleportation {@r4}, it crumbles to dust.
You feel strangely unstable.
The death yak is engulfed in freezing vapours. x2
The death yak gores you.
* * * LOW HITPOINT WARNING * * *
You hit the death yak but do no damage. You barely miss the death yak.
Your punch misses the death yak.
The death yak is heavily wounded.
The death yak closely misses you.
The death yak is engulfed in freezing vapours.
The death yak is distracted by your dazzling golden aura.
You barely miss the death yak.
The death yak is no longer distracted by gold.
You hit the death yak.
The death yak is heavily wounded.
The death yak gores you!
* * * LOW HITPOINT WARNING * * *
The death yak is engulfed in freezing vapours.
The death yak gores you but does no damage.
The death yak is engulfed in freezing vapours.
The death yak attacks as it pursues you!
The death yak gores you.
* * * LOW HITPOINT WARNING * * *
The death yak attacks as it pursues you!
The death yak gores you!
You die...
Your body crumbles into a pile of gold.

.......#.# #.........#..
#.........#.# ##.####....#..
##.........#.# #...# ###P....
#.....☼.☼☼.#.## #..## ##.#..
#.....○°.○§...# ##.# #....P
.###....#°#.☼$P..# ##.# ##...P
........§☼.§.§..####..# #....
........##.#.#YY.##.#.## #....
#.....Y# # ##.h......# #....
###.#.l# #.......#######.... #
#..#######...............#.. .
##.##...##......^.........## .
#P..##..##...............## .#
###...........#.##.###.##..###
..##.####.......####### ####..#..
..###.....##.....##### ####......
........##.###..#.##.###.........


You could see 2 death yaks.

Vanquished Creatures
  Harold (D:10)
  2 hydras (Lair:2)
  Erolcha (D:9)
  7 death yaks
  3 two-headed ogres
  An occultist (Volcano)
  Urug (Lair:3)
  An orc knight (Orc:1)
  An ugly thing (D:10)
  An orc sorcerer (Orc:1)
  An oklob plant (D:10)
  A cyclops (Volcano)
  6 elephants (Lair:2)
  4 salamanders (Volcano)
  Joseph (D:9)
  5 kobold blastminers
  4 molten gargoyles (Volcano)
  A gargoyle (Volcano)
  4 cane toads
  4 rime drakes
  An efreet (Volcano)
  Psyche (D:10)
  3 komodo dragons
  4 trolls
  A polar bear (Lair:1)
  Prince Ribbit (D:5)
  Sigmund (D:5)
  2 shadows
  16 yaks
  3 steam dragons
  2 basilisks (Lair:3)
  2 wyverns
  2 wargs (Orc:1)
  5 water moccasins
  A dancing weapon (D:8)
  15 orc warriors
  A black bear (D:6)
  3 ogres
  6 centaurs
  3 phantoms
  4 kobold brigands
  11 bullfrogs
  A gnoll sergeant (D:8)
  3 scorpions
  14 wights
  19 killer bees
  8 howler monkeys
  A crimson imp (D:6)
  2 jellies
  2 bombardier beetles (D:7)
  3 hounds
  9 orc priests
  4 iguanas
  A sleepcap (D:4)
  18 orc wizards
  7 gnolls
  7 adders
  A shadow imp (D:6)
  2 white imps
  A worm (D:2)
  2 dart slugs (D:4)
  67 orcs
  4 endoplasms
  6 giant cockroaches
  7 hobgoblins
  4 jackals (D:3)
  13 kobolds
  7 quokkas
  9 ball pythons
  7 bats
  3 frilled lizards
  7 goblins
  8 rats
385 creatures vanquished.

Vanquished Creatures (collateral kills)
  A salamander (Volcano)
  An ogre (D:10)
  A kobold brigand (D:10)
3 creatures vanquished.

Vanquished Creatures (others)
  7 dancing weapons
7 creatures vanquished.

Grand Total: 395 creatures vanquished

Notes
Turn   | Place    | Note
-------+----------+-------------------------------------------
     0 | D:1      | freelancePsychic the Djinni Shapeshifter began the quest
                  | for the Orb.
     0 | D:1      | Reached XP level 1. HP: 17/17 MP: 0/0
   167 | D:1      | Reached XP level 2. HP: 22/22 MP: 0/0
   308 | D:1      | Reached XP level 3. HP: 24/27 MP: 0/0
   308 | D:1      | Learned a level 1 spell: Shock
   579 | D:2      | Found Sunoilef's Book Emporium.
   721 | D:2      | Found Bimof's Assorted Antiques.
   826 | D:2      | Found Jeunun's Distillery.
   875 | D:2      | Bought a potion of berserk rage for 65 gold pieces
   937 | D:2      | Found Dam Qoud's Jewellery Emporium.
   940 | D:2      | Reached XP level 4. HP: 33/33 MP: 0/0
  1136 | D:3      | Reached skill level 2 in Fighting
  1297 | D:3      | Reached skill level 1 in Short Blades
  1343 | D:3      | Reached XP level 5. HP: 39/39 MP: 0/0
  1343 | D:3      | Learned a level 2 spell: Static Discharge
  1415 | D:3      | Identified the +0 robe of Honesty {+Blink Regen+ Slay+2}
  1965 | D:4      | Reached XP level 6. HP: 44/45 MP: 0/0
  1984 | D:4      | Identified the +4 ring mail of Soft Rains {Int+2}
  2031 | D:4      | Reached skill level 3 in Fighting
  2415 | D:4      | Identified the +1 war axe of Vesessuc {pain, *Noise rPois
                  | rF- Str+6}
  2452 | D:4      | Reached XP level 7. HP: 51/51 MP: 0/0
  2452 | D:4      | Learned a level 3 spell: Tukima's Dance
  2547 | D:5      | Entered Level 5 of the Dungeon
  2634 | D:5      | Found a staircase to the Ecumenical Temple.
  2642 | Temple   | Entered the Ecumenical Temple
  2661 | Temple   | Became a worshipper of Gozag Ym Sagoz the Greedy
  2694 | D:5      | Noticed Prince Ribbit
  2715 | D:5      | Reached skill level 4 in Fighting
  2747 | D:5      | Killed Prince Ribbit
  2771 | D:5      | Reached XP level 8. HP: 25/58 MP: 0/0
  2884 | D:5      | Found Juheca's Neck Hole.
  2959 | D:5      | Noticed Sigmund
  3132 | D:5      | Killed Sigmund
  3133 | D:5      | Reached skill level 5 in Fighting
  3133 | D:5      | Reached skill level 5 in Shapeshifting
  3307 | D:5      | Found a broken altar of Ashenzari.
  3327 | D:5      | Reached skill level 1 in Spellcasting
  3327 | D:5      | Reached skill level 1 in Conjurations
  3327 | D:5      | Reached skill level 1 in Hexes
  3327 | D:5      | Reached skill level 1 in Summonings
  3327 | D:5      | Reached skill level 1 in Necromancy
  3327 | D:5      | Reached skill level 1 in Translocations
  3327 | D:5      | Reached skill level 1 in Fire Magic
  3327 | D:5      | Reached skill level 1 in Ice Magic
  3327 | D:5      | Reached skill level 1 in Air Magic
  3327 | D:5      | Reached skill level 1 in Earth Magic
  3327 | D:5      | Reached skill level 1 in Alchemy
  3352 | D:5      | Found a hazy altar of Hepliaklqana.
  3476 | D:6      | Reached skill level 6 in Fighting
  3476 | D:6      | Reached XP level 9. HP: 52/66 MP: 0/0
  3476 | D:6      | Learned a level 3 spell: Inner Flame
  3943 | D:6      | Identified the +7 chain mail "Qycoquat" {+Inv rF++}
  4163 | D:6      | Identified the +1 short sword "Lupin" {speed, SInv}
  4973 | D:7      | Reached skill level 7 in Fighting
  5030 | D:7      | Found a snail-covered altar of Cheibriados.
  5923 | D:8      | Reached XP level 10. HP: 58/75 MP: 0/0
  6228 | D:8      | Noticed a two-headed ogre
  6257 | D:8      | Reached skill level 8 in Fighting
  6881 | D:8      | Killed a two-headed ogre
  6882 | D:8      | Reached skill level 5 in Spellcasting
  6882 | D:8      | Reached skill level 5 in Conjurations
  6882 | D:8      | Reached skill level 5 in Hexes
  6882 | D:8      | Reached skill level 5 in Summonings
  6882 | D:8      | Reached skill level 5 in Necromancy
  6882 | D:8      | Reached skill level 5 in Translocations
  6882 | D:8      | Reached skill level 5 in Fire Magic
  6882 | D:8      | Reached skill level 5 in Ice Magic
  6882 | D:8      | Reached skill level 5 in Air Magic
  6882 | D:8      | Reached skill level 5 in Earth Magic
  6882 | D:8      | Reached skill level 5 in Alchemy
  7238 | D:9      | Reached skill level 9 in Fighting
  7349 | D:9      | Noticed Erolcha
  7371 | D:9      | Killed Erolcha
  7424 | D:9      | Noticed Joseph
  7458 | D:9      | Killed Joseph
  7459 | D:9      | Reached XP level 11. HP: 40/84 MP: 0/0
  7459 | D:9      | Learned a level 4 spell: Vhi's Electric Charge
  8067 | D:9      | Reached skill level 10 in Fighting
  8067 | D:9      | Reached skill level 5 in Dodging
  8440 | D:9      | Found a shadowy altar of Dithmenos.
  8694 | D:10     | Entered Level 10 of the Dungeon
  9007 | D:10     | Noticed an oklob plant
  9263 | D:10     | Noticed Harold
  9385 | D:5      | Bought an amulet of regeneration for 330 gold pieces
  9521 | D:10     | Killed Harold
  9603 | D:10     | Noticed Psyche
  9610 | D:10     | Killed Psyche
  9694 | D:10     | Found a staircase to the Lair.
  9854 | D:10     | Found a shimmering altar of Xom.
  9864 | D:10     | Found a glowing silver altar of Zin.
  9864 | D:10     | Found a stormy altar of Qazlal.
  9864 | D:10     | Found a bloodstained altar of Trog.
  9864 | D:10     | Found a burning altar of Makhleb.
  9868 | D:10     | Found an ornate altar of the Wu Jian Council.
  9869 | D:10     | Found an iron altar of Okawaru.
 10249 | D:10     | Found a staircase to the Orcish Mines.
 10349 | D:10     | Noticed a red ugly thing
 10363 | D:10     | Killed a red ugly thing
 10618 | D:11     | Found a portal to a secret trove of treasure.
 11435 | D:12     | Noticed a boulder beetle
 11451 | D:12     | Reached skill level 11 in Fighting
 11451 | D:12     | Reached XP level 12. HP: 76/94 MP: 0/0
 11541 | Orc:1    | Entered Level 1 of the Orcish Mines
 11753 | Orc:2    | Entered Level 2 of the Orcish Mines
 11756 | Orc:2    | Noticed a two-headed ogre
 11784 | Orc:1    | Identified 2 scrolls of acquirement
 11784 | Orc:1    | Acquired 721 gold pieces
 11786 | Orc:1    | Acquired a +2 antimagic quick blade
 11808 | Orc:2    | Killed a two-headed ogre
 12084 | Orc:2    | Reached skill level 5 in Short Blades
 12115 | Orc:2    | Noticed a two-headed ogre
 12135 | Orc:2    | Killed a two-headed ogre
 12228 | Orc:1    | Found a dark tunnel.
 12237 | Volcano  | Entered a volcano
 12490 | Volcano  | Noticed an orb of fire
 12544 | Volcano  | Reached skill level 12 in Fighting
 12592 | Volcano  | Noticed an orb of fire
 12613 | Volcano  | Reached XP level 13. HP: 38/101 MP: 0/0
 12613 | Volcano  | Learned a level 5 spell: Freezing Cloud
 13450 | D:2      | Bought faintly humming quicksilver dragon scales for 1560
                  | gold pieces
 13450 | D:2      | Identified the quicksilver dragon scales of the Nice Slorg
                  | {rF+ rC- Will+ Str+3 Int+3 Dex+3} (You bought it in a shop
                  | on level 2 of the Dungeon)
 13452 | D:2      | Bought a scroll labelled YFOZAF GOZU for 24 gold pieces
 13452 | D:2      | Bought a scroll labelled ZYIGROV ZOIC for 24 gold pieces
 13452 | D:2      | Bought a scroll of identify for 48 gold pieces
 13681 | Lair:1   | Entered Level 1 of the Lair of Beasts
 14677 | Lair:2   | Noticed a five-headed hydra
 14684 | Lair:2   | Killed a five-headed hydra
 14878 | Lair:2   | Noticed an eight-headed hydra
 14952 | Lair:2   | Killed an eight-headed hydra
 15354 | Lair:3   | Noticed Urug
 15362 | Lair:3   | Killed Urug
 15405 | Lair:3   | Found a staircase to the Snake Pit.
 15597 | Lair:3   | Reached skill level 13 in Fighting
 15676 | Lair:3   | Reached skill level 10 in Short Blades
 15676 | Lair:3   | Reached XP level 14. HP: 80/110 MP: 0/0
 15786 | Lair:3   | Slain by a death yak

Illustrated notes

Levels and vault maps discovered:
D:1:      dpeg_arrival_castle, layout_rooms, minmay_splitting_lines,
          minivault_14
D:2:      layout_basic, serial_shops, nicolae_shop_rolling_square,
          nicolae_shop_real_fake_doors, shop, shop, minmay_pentomino_r2
D:3:      layout_basic, minmay_close_crescents
D:4:      layout_basic
D:5:      layout_basic, mainiacjoe_overflow_swirl, minmay_temple_entry_hall,
          nrook_campfire, nicolae_shop_sticking_my_neck_out,
          uniq_prince_ribbit1, uniq_sigmund
D:6:      layout_loops_ring, led_sif_book, minmay_fire_ice_demons
D:7:      layout_gridville, chei_slow_surprise,
          mainiacjoe_overflow_six_doors_small, serial_library_hellmonk_h_bend
D:8:      layout_basic
D:9:      layout_loops_ring, nicolae_dithmenos_shadow_blocks,
          minmay_statues_item, eino_jars, uniq_erolcha, uniq_joseph
D:10:     layout_basic, minitemple, dpeg_oklobed_lair,
          kennysheep_orc_monster_closet_entryway, uniq_psyche, uniq_harold
D:11:     layout_gridville, enter_trove_0
D:12:     regret_index_infernal_bastille, layout_basic, serial_shops,
          nicolae_shop_trees, moated_statue, nicolae_twisting_strands,
          uniq_rupert, uniq_sonja, uniq_gastronok
Temple:   kb_corrupted_temple
Lair:1:   gammafunk_indiana_jones, layout_loops_ring, serial_bayou_shore_a
Lair:2:   layout_misc_corridors, serial_bayou_pond_a
Lair:3:   layout_chaotic_city, swamp_mist, dummy_snake_entry, lemuel_fruit_tree,
          grunt_megastairs_1, uniq_urug
Orc:1:    layout_caves, nicolae_volcano_entry_two_sided
Orc:2:    pubby_orc_utopia

Skill      XL: |  1  2  3  4  5  6  7  8  9 10 11 12 13 |
---------------+----------------------------------------+-----
Shapeshifting  | 3 4 5 6 7 |  7.0
Fighting       | 2 3 4 6 7 9 11 12 13 | 13.2
Short Blades   | 1 2 3 4 7 10 | 10.3
Spellcasting   | 1 3 5 7 8 9 |  9.3
Conjurations   | 1 3 5 7 8 9 |  9.3
Hexes          | 1 3 5 7 8 9 |  9.3
Summonings     | 1 3 5 7 8 9 |  9.3
Necromancy     | 1 3 5 7 8 9 |  9.3
Translocations | 1 3 5 7 8 9 |  9.3
Fire Magic     | 1 3 5 7 8 9 |  9.3
Ice Magic      | 1 3 5 7 8 9 |  9.3
Air Magic      | 1 3 5 7 8 9 |  9.3
Earth Magic    | 1 3 5 7 8 9 |  9.3
Alchemy        | 1 3 5 7 8 9 |  9.3
Dodging        | 4 7 |  7.8
Unarmed Combat | |  3.8

Action                     |  1- 3 |  4- 6 |  7- 9 | 10-12 | 13-15 || total
---------------------------+-------+-------+-------+-------+-------++-------
  Melee: Unarmed           |     8 |       |       |       |       ||     8
         Short sword       |    83 |   181 |   238 |   271 |       ||   773
         Punch             |     1 |     6 |    11 |    15 |    11 ||    44
         Dagger            |       |       |    54 |     4 |       ||    58
         Quick blade       |       |       |       |   185 |   273 ||   458
  Throw: Throwing net      |       |       |     1 |       |       ||     1
   Cast: Inner Flame       |       |       |     8 |    91 |     9 ||   108
         Tukima's Dance    |       |       |       |    40 |     1 ||    41
         Shock             |       |       |       |    24 |     4 ||    28
         Vhi's Electric Ch |       |       |       |     1 |       ||     1
         Freezing Cloud    |       |       |       |       |    35 ||    35
  Evoke: Wand              |       |       |     2 |     7 |       ||     9
    Use: Scroll            |     2 |       |     6 |    15 |     4 ||    27
         Potion            |       |       |     6 |     7 |     1 ||    14
   Stab: Distracted        |       |       |       |     1 |     1 ||     2
 Armour: Ring mail         |    43 |    93 |   156 |   400 |   105 ||   797
         Skin              |       |       |    41 |       |       ||    41
  Dodge: Dodged            |    26 |    59 |    92 |   262 |    69 ||   508
  Block: Other             |    19 |    23 |    52 |    35 |       ||   129
         Reflection        |       |     2 |     1 |     1 |       ||     4

Table legend: (Time is in decaauts)
 A = Elapsed time spent in this place.
 B = Non-inter-level travel time spent in this place.
 C = Inter-level travel time spent in this place.
 D = Time resting spent in this place.
 E = Time spent auto-exploring this place.
 F = Levels seen in this place.
 G = Mean time per level.
                   A        B        C        D        E       F      G
               +--------+--------+--------+--------+--------+-----+--------+
         Total |  15650 |  14435 |   1215 |   1132 |  10082 |  19 |  823.7 |
       Dungeon |  11896 |  10840 |   1056 |   1058 |   7572 |  12 |  991.3 |
        Temple |     38 |     20 |     18 |      0 |      0 |   1 |   38.0 |
          Lair |   2070 |   2014 |     56 |      0 |   1663 |   3 |  690.0 |
  Orcish Mines |   1109 |   1027 |     82 |     52 |    553 |   2 |  554.5 |
       Volcano |    534 |    534 |      0 |     22 |    294 |   1 |  534.0 |
               +--------+--------+--------+--------+--------+-----+--------+

Top non-repeatable levels by time:
     D:9: 1840 daAuts
     D:8: 1527 daAuts
    D:10: 1511 daAuts
     D:7: 1376 daAuts
     D:6: 1069 daAuts
    D:11: 994 daAuts
  Lair:1: 906 daAuts
     D:3: 896 daAuts
   Orc:1: 878 daAuts
     D:4: 823 daAuts
     D:5: 753 daAuts
  Lair:2: 749 daAuts
     D:1: 552 daAuts
 Volcano: 534 daAuts
     D:2: 522 daAuts
